 Dungeon Crawl Stone Soup version 0.27-a0-1196-g3e9cee4cb2 (webtiles) character file.

Game seed: 1339909697714062269

226 jasper the Insei (level 5, -7/37 (39) HPs)
             Began as a Demonspawn Transmuter on May 29, 2021.
             Mangled by a wight
             ... wielding a +4 trident
              (8 damage)
             ... on level 3 of the Dungeon.
             The game lasted 00:05:38 (3248 turns).

jasper the Insei (Demonspawn Transmuter)            Turns: 3248, Time: 00:05:39

HP:   -7/37 (39)    AC:  3    Str: 10    XL:     5   Next: 69%
MP:   8/8           EV: 13    Int: 15    God:
Gold: 95            SH:  0    Dex: 16    Spells: 2/8 levels left

rFire    . . .     SeeInvis .     - Unarmed
rCold    . . .     Faith    .   (no shield)
rNeg     + . .     Spirit   .   g - +1 robe {rN+}
rPois    .         Reflect  .   (no helmet)
rElec    .         Harm     .   (no cloak)
rCorr    .         Rampage  .   (no gloves)
Will     .....                  (no boots)
Stlth    ++........             (no amulet)
HPRegen  0.12/turn              (no ring)
MPRegen  0.11/turn              (no ring)

@: drained, very slow
A: thin skeletal structure 1, demonic magic 1
a: no special abilities


You were on level 3 of the Dungeon.
You visited 1 branch of the dungeon, and saw 3 of its levels.

You collected 95 gold pieces.

Inventory:

Missiles
 c - 22 stones
 e - 46 arrows
 h - 5 boomerangs
Armour
 a - a +0 robe
 g - a +1 robe of positive energy (worn)
Scrolls
 b - a scroll of torment {unknown}
 f - a scroll of teleportation
 i - a scroll of blinking
Potions
 d - a potion of berserk rage {unknown}
 j - a potion of cancellation
 k - 2 potions of magic {unknown}
 l - a potion of might


   Skills:
 + Level 2.7 Fighting
 + Level 2.6 Dodging
 + Level 2.0 Stealth
 * Level 4.4 Unarmed Combat
 - Level 2.0 Spellcasting
 - Level 1.7 Transmutations


You had 2 spell levels left.
You knew the following spells:

 Your Spells              Type           Power      Damage    Failure   Level
a - Beastly Appendage     Tmut           12%        N/A       11%         1
b - Wereblood             Tmut           6%         N/A       16%         2
c - Spider Form           Tmut/Pois      2%         N/A       43%         3

Your spell library contained the following spells:

 Spells                   Type           Power      Damage    Failure   Level
 Corona                   Hex            1%         N/A       22%         1
 Summon Small Mammal      Summ           4%         N/A       22%         1
 Call Imp                 Summ           1%         N/A       32%         2
 Ensorcelled Hibernation  Hex/Ice        2%         N/A       32%         2
 Call Canine Familiar     Summ           1%         N/A       54%         3
 Confusing Touch          Hex            1%         N/A       54%         3
 Dazzling Flash           Conj/Hex       2%         N/A       54%         3
 Summon Guardian Golem    Hex/Summ       1%         N/A       54%         3
 Tukima's Dance           Hex            1%         N/A       54%         3
 Ice Form                 Ice/Tmut       4%         N/A       83%         4
 Summon Ice Beast         Ice/Summ       1%         N/A       91%         4
 Summon Lightning Spire   Summ/Air       1%         N/A       91%         4
 Hydra Form               Tmut           3%         N/A       96%         5


Dungeon Overview and Level Annotations

Branches:
Dungeon (3/15)

Altars:
Kikubaaqudgha

Shops:
D:1 (   D:3 (


Innate Abilities, Weirdness & Mutations

You have a somewhat thin skeletal structure. (Dex +2, Stealth+)
Spells you cast may paralyse adjacent enemies.


Message History

A rat is nearby!
Casting: Beastly Appendage (safe; 11% risk of failure)
Press: ? - help, Q - select action, (/) - cycle Dir - look around, f - activate You grow a pair of large bovine horns.
Your feet morph into talons.
Malevolent energies surge around you.
You now have 7/8 mp.
A frilled lizard comes into view.
The walls and floor vibrate strangely for a moment.
The helpless rat fails to defend itself.
You punch the rat!
You kill the rat!
The frilled lizard hisses angrily.
Your transformation is almost over.
MP restored: 8 The frilled lizard completely misses you.
You hit the frilled lizard.
You kill the frilled lizard!
You see here a frilled lizard corpse.
Your horns disappear.
Your talons disappear.
k - 2 fuming pink potions
e - 46 arrows (gained 17)
l - a potion of might A wight comes into view.
It is wielding a +4 trident.
The wight barely misses you. The wight hits you with a +4 trident!
You take 13 damage, and have 26/39 hp.
MASSIVE DAMAGE!!
The wight hits you from afar with a +4 trident!
You partially resist.
You feel drained.
* * * LOW HITPOINT WARNING * * *
You take 15 damage, and have 11/38 hp.
MASSIVE DAMAGE!!
Okay, then.
The wight hits you from afar with a +4 trident!
* * * LOW HITPOINT WARNING * * *
You partially resist.
You feel drained.
* * * LOW HITPOINT WARNING * * *
You take 11 damage, and have 1/37 hp.
MASSIVE DAMAGE!!
You enter the shallow water.
Moving in this stuff is going to be slow.
The wight hits you from afar with a +4 trident!
You die...

...# #...###.≈........ #######
########...# #..≈####### #..z..
##.........# #####
#.#####.z#.##. ##.#########
####...z.#...z... ...########
###......#...# ##.##.....#
#...####.###.# ##.##.....#
##.#z####.# .#
..........####...#z.##z# .. #
....#.....#≈≈≈≈≈@##..#.# .## ##
..........####...#..#..# .#
.#...#..##.#.#####.###.##..###.
.#...#..##.#.# #.# ##........
.#...........# ##.###.########
.....#.##..#.# #.#.##
.###.#.......# #.## .#
#...†.....# #.# .######.....##
##.#


You could see a wight.

Vanquished Creatures
  A sky beast (D:3)
  A wight (D:3)
  5 adders
  A dart slug (D:2)
  2 worms (D:2)
  4 endoplasms
  4 giant cockroaches
  3 goblins
  3 hobgoblins (D:2)
  2 jackals (D:2)
  2 quokkas
  3 ball pythons
  6 bats
  4 frilled lizards
  5 kobolds
  2 rats
48 creatures vanquished.

Notes
Turn   | Place    | Note
-------+----------+-------------------------------------------
     0 | D:1      | jasper the Demonspawn Transmuter began the quest for the
                  | Orb.
     0 | D:1      | Reached XP level 1. HP: 15/15 MP: 3/3
   102 | D:1      | Found a faded altar of an unknown god.
   185 | D:1      | Reached skill level 3 in Unarmed Combat
   481 | D:1      | Gained mutation: You have a somewhat thin skeletal
                  | structure. (Dex +2, Stealth+) [demonic ancestry]
   481 | D:1      | Reached XP level 2. HP: 21/21 MP: 3/5
   589 | D:1      | Found Dicriec's Weapon Emporium.
  1225 | D:2      | Gained mutation: Spells you cast may paralyse adjacent
                  | enemies. [demonic ancestry]
  1225 | D:2      | Reached XP level 3. HP: 3/27 MP: 4/6
  1506 | D:2      | Learned a level 2 spell: Wereblood
  1510 | D:2      | Learned a level 3 spell: Spider Form
  1808 | D:2      | Found an ancient bone altar of Kikubaaqudgha.
  1897 | D:2      | Reached skill level 1 in Stealth
  1897 | D:2      | Reached XP level 4. HP: 26/33 MP: 3/7
  2436 | D:3      | Noticed a sky beast
  2454 | D:3      | Killed a sky beast
  2455 | D:3      | Reached skill level 4 in Unarmed Combat
  2455 | D:3      | Reached XP level 5. HP: 15/39 MP: 5/8
  3026 | D:3      | Found Wuqataim's Weapon Boutique.
  3245 | D:3      | HP: 1/37 [wight/+4 trident (2)]
  3248 | D:3      | Mangled by a wight

Illustrated notes

Levels and vault maps discovered:
D:1:      lemuel_arrival_river_bridge, layout_loops_ring, serial_shops, shop,
          hellmonk_ecumenical_altar_pennies_from_heaven
D:2:      layout_basic, basic_altar, fountainhead
D:3:      layout_loops_cross, nicolae_ru_path_of_blood, lemuel_doored_altar,
          cheibrodos_sewer_entry_bend, serial_shops, shop,
          chequers_serial_rivers_micro_b

Skill      XL: |  1  2  3  4  5 |
---------------+----------------+-----
Unarmed Combat | 3 4 |  4.4
Dodging        | 2 |  2.6
Fighting       | 2 |  2.7
Stealth        | 1 2 |  2.0
Spellcasting   | |  2.0
Transmutations | |  1.7

Action                   |  1- 3 |  4- 6 || total
-------------------------+-------+-------++-------
Melee: Unarmed           |    94 |    39 ||   133
       Headbutt          |    10 |     8 ||    18
       Kick              |    17 |     5 ||    22
 Cast: Beastly Appendage |    27 |    18 ||    45
  Use: Potion            |     1 |     3 ||     4
       Scroll            |       |     5 ||     5
 Stab: Sleeping          |     2 |     5 ||     7
       Paralysed         |     8 |       ||     8
       Invisible         |       |     5 ||     5
Armor: Robe              |    23 |     9 ||    32
Dodge: Dodged            |    53 |    30 ||    83

Table legend: (Time is in decaauts)
 A = Elapsed time spent in this place.
 B = Non-inter-level travel time spent in this place.
 C = Inter-level travel time spent in this place.
 D = Time resting spent in this place.
 E = Time spent auto-exploring this place.
 F = Levels seen in this place.
 G = Mean time per level.
                   A        B        C        D        E       F      G
               +--------+--------+--------+--------+--------+-----+--------+
         Total |   3245 |   3212 |     33 |    241 |   2406 |   3 | 1081.7 |
       Dungeon |   3245 |   3212 |     33 |    241 |   2406 |   3 | 1081.7 |
               +--------+--------+--------+--------+--------+-----+--------+

Top non-repeatable levels by time:
     D:1: 1426 daAuts
     D:2: 947 daAuts
     D:3: 871 daAuts
